 Dungeon Crawl Stone Soup version 0.30-a0-359-gd0147acb1a (webtiles) character file.

Game seed: 8188506363651039496

23733 Decritt the Warrior (level 13, -1/108 HPs)
             Began as a Djinni Air Elementalist on Nov 12, 2022.
             Was an Elder of Makhleb.
             Slain by a large slime creature (21 damage)
             ... on level 11 of the Dungeon.
             The game lasted 00:41:44 (14584 turns).

Decritt the Warrior (Djinni Air Elementalist)      Turns: 14584, Time: 00:41:44

Health: -1/108     AC:  9    Str:  7    XL:     13   Next: 37%
Gold:   736        EV: 19    Int: 27    God:    Makhleb [****..] SH:  0 Dex: 14

rFire   + + .      SeeInvis .    d - +7 arbalest of Dominance {vorpal, rF+ rC+ Int+5}
rCold   + . .      Faith    .    (shield currently unavailable)
rNeg    . . .      Spirit   .    w - +2 robe of Mezcal {rElec rPois rF- Will++}
rPois   ∞          Reflect  .    (no helmet)
rElec   +          Harm     .    f - +1 cloak
rCorr   .          Rampage  .    g - +1 pair of gloves
Will    +++..                    (boots unavailable)
Stlth   ++........               e - amulet of regeneration
HPRegen 1.18/turn                m - ring of protection from cold
MPRegen 0.00/turn                o - +4 ring of evasion

@: swift, flying, very slightly contaminated, quick
A: sickness immunity, fire resistance 2, cold vulnerability 1, float, innate
caster, HP casting, extra vitality 1
a: Renounce Religion, Minor Destruction, Lesser Servant of Makhleb, Major
Destruction


You were on level 11 of the Dungeon.
You worshipped Makhleb.
Makhleb was greatly pleased with you.
You visited 2 branches of the dungeon, and saw 13 of its levels.
You also visited: Bailey.

You collected 781 gold pieces.
You spent 45 gold pieces at shops.

Inventory:

Hand Weapons
 d - the +7 arbalest of Dominance (weapon) {vorpal, rF+ rC+ Int+5}
   (You found it in a bailey)

   Any ammunition fired from it inflicts extra damage upon your enemies.
   Int:       It affects your intelligence (+5).
   rF:        It protects you from fire.
   rC:        It protects you from cold.
Missiles
 l - 6 throwing nets
Armour
 f - a +1 cloak (worn)
 g - a +1 pair of gloves (worn)
 q - +0 steam dragon scales
 w - the +2 robe of Mezcal (worn) {rElec rPois rF- Will++}
   (You found it on level 6 of the Dungeon)

   rF:        It makes you vulnerable to fire.
   rElec:     It insulates you from electricity.
   rPois:     It protects you from poison.
   Will:      It greatly increases your willpower.
Magical Staves
 c - a staff of cold
 k - a staff of conjuration
 B - a staff of air
Jewellery
 e - an amulet of regeneration (around neck)
 m - a ring of protection from cold (left hand)
 n - an amulet of reflection
 o - a +4 ring of evasion (right hand)
Wands
 a - a wand of charming (4)
 r - a wand of mindburst (7)
 s - a wand of roots (1)
Scrolls
 i - 4 scrolls of immolation
 j - a scroll of fear
 t - 2 scrolls of poison
 u - 4 scrolls of blinking
 y - 2 scrolls of teleportation
 A - 2 scrolls of enchant armour
Potions
 b - a potion of brilliance {unknown}
 h - 3 potions of haste
 p - a potion of might {unknown}
 v - a potion of lignification {unknown}
 x - a potion of ambrosia {unknown}
 z - 2 potions of resistance {unknown}
 C - a potion of heal wounds
 E - a potion of curing


   Skills:
 * Level 15.2 Fighting
 + Level 6.4 Armour
 + Level 7.6 Dodging
 - Level 1.5 Stealth
 * Level 10.1 Spellcasting


You had 4 spell levels left.
You knew the following spells:

 Your Spells              Type           Power      Damage    Failure   Level
a - Airstrike             Air            31%        2d(5-21)  1%          4
b - Anguish               Hex/Necr       31%        N/A       1%          4
c - Fulminant Prism       Conj/Hex       31%        3d16      1%          4
d - Shock                 Conj/Air       100%       1d9       1%          1
e - Swiftness             Air            62%        N/A       1%          3
f - Passwall              Tmut/Erth      51%        N/A       1%          2
g - Call Imp              Summ           62%        N/A       1%          2
h - Kiss of Death         Conj/Necr      100%       2d13      1%          1
i - Static Discharge      Conj/Air       100%       2-7/arc   1%          2
j - Summon Mana Viper     Hex/Summ       62%        N/A       1%          5
Your spell library was empty.

Dungeon Overview and Level Annotations

Branches:
Dungeon (12/15)              Lair (1/5) D:10            Orc (0/2) D:10
 Bailey (visited)
 Temple: D:4-7

Altars:
Ashenzari
Dithmenos
Elyvilon
Fedhas
Makhleb
Okawaru
Qazlal
Ru
Trog
Uskayaw
Wu Jian
Xom
Zin

Shops:
D:3 [   D:8 [

Annotations:
D:3 2 transporters, jehirs's ghost, weakling OpTm
D:5 2 transporters, voshxx's ghost, novice DEFE
D:8 3 runed translucent doors, Elric's ghost, novice DrFi


Innate Abilities, Weirdness & Mutations

You are immune to sickness and miasma.
You are immune to poison.
Your flesh is very heat resistant. (rF++)
You are vulnerable to cold. (rC-)
You float through the air rather than walking.
You learn spells naturally, not from books.
Your magical power is your life essence.
You have superior vitality. (+4 MHP)


Message History

Aiming: Airstrike (mildly dangerous; 1% risk of failure)
Press: ? - help, Dir - move target, f - slime creature
Aim: a slime creature (empty space bonus: 1/8)
The air twists around and strikes the slime creature.
The slime creature is lightly wounded.
The troll misses you. The troll barely misses you.
The troll closely misses you. The slime creature hits you!
* * * LOW HITPOINT WARNING * * *
The slime creature closely misses you.
Two slime creatures merge to form a large slime creature.
You shoot a bolt.
The bolt hits the troll but does no damage.
The troll is severely wounded.
The troll bites you.
* * * LOW HITPOINT WARNING * * *
The troll is wracked by anguish.
The troll barely misses you. The troll completely misses you.
The slime creature misses you.
You shoot a bolt. The bolt hits the troll!
You kill the troll!
Makhleb accepts your kill. The slime creature hits you.
* * * LOW HITPOINT WARNING * * *
The large slime creature hits you!
* * * LOW HITPOINT WARNING * * *
The slime creature hits you but does no damage.
The large slime creature misses you.
Casting: Airstrike (mildly dangerous; 1% risk of failure)
Confirm with . or Enter, or press ? or * to list all spells.
You miscast Swiftness.
You are very lightly contaminated with residual magic.
Nothing appears to happen.
* * * LOW HITPOINT WARNING * * *
The slime creature hits you but does no damage.
The large slime creature misses you.
Casting: Swiftness (safe; 1% risk of failure)
Confirm with . or Enter, or press ? or * to list all spells.
You feel quick.
* * * LOW HITPOINT WARNING * * *
The slime creature misses you. The large slime creature hits you!!
You die...

##### #...# ##### #.#.#######
##...# #.........# ##J.###
##.........####@J## ######
#............##.##########....#
##.#........#....# #...........#
...#....>...#....###...........#
...>...........................#
.##............................##
.##...<....<.....#.............##
.###..............##...........##
.###............#.##.............


You could see a large slime creature and a slime creature.

Vanquished Creatures
  An ogre mage (D:10)
  2 boulder beetles
  A two-headed ogre (D:10)
  Amaemon (D:8)
  Pikel (D:4)
  2 orc knights
  A cyclops (D:11)
  An orange demon (D:8)
  A gargoyle (D:10)
  Maggie (D:6)
  Psyche (D:10)
  2 kobold demonologists
  A yaktaur (D:10)
  A hornet (D:8)
  2 trolls
  Prince Ribbit (D:4)
  3 blink frogs (Lair:1)
  A shadow (D:11)
  A wraith (D:10)
  A wyvern (D:9)
  19 yaks
  2 basilisks (Lair:1)
  Grum (D:8)
  A vampire mosquito (D:11)
  2 acid dragons
  A water moccasin (D:4)
  12 orc warriors
  A sky beast (D:5)
  2 black bears (D:6)
  2 ice beasts
  An ogre (D:4)
  12 centaurs
  4 wolves (D:8)
  A phantom (D:5)
  A lemure (D:5)
  5 kobold brigands
  5 bullfrogs
  3 necrophages
  A gnoll sergeant (D:11)
  A scorpion (D:7)
  6 wights
  16 killer bees
  5 howler monkeys
  2 electric eels (D:8)
  5 hounds
  3 jellies
  Crazy Yiuf (D:2)
  4 orc priests
  Jessica (D:2)
  5 orc wizards
  9 gnolls
  7 adders
  A white imp (D:8)
  5 worms
  4 dart slugs (D:4)
  37 orcs
  7 endoplasms
  A giant cockroach (D:4)
  6 goblins
  9 hobgoblins
  4 quokkas
  6 ball pythons
  4 bats
  2 frilled lizards (D:2)
  16 kobolds
  7 rats
276 creatures vanquished.

Vanquished Creatures (others)
  A centaur warrior (D:10)
  A shadow (D:10)
  A vampire mosquito (D:11)
  2 orc warriors (Bailey)
  An ice beast (D:4)
  An ogre (D:6)
  4 centaurs
  A necrophage (D:6)
  A scorpion (D:5)
  2 wights (D:6)
  4 fulminant prisms (Bailey)
  A fungus (D:8)
  15 plants
35 creatures vanquished.

Grand Total: 311 creatures vanquished

Notes
Turn   | Place    | Note
-------+----------+-------------------------------------------
     0 | D:1      | Decritt the Djinni Air Elementalist began the quest for the
                  | Orb.
     0 | D:1      | Decritt set off with the following spells memorised: Shock,
                  | Static Discharge, Swiftness, Airstrike.
     0 | D:1      | Reached XP level 1. HP: 15/15 MP: 0/0
     0 | D:1      | Noticed a shadow dragon
     1 | D:1      | Noticed an iron dragon
     3 | D:1      | Noticed a shadow dragon
     3 | D:1      | Noticed a white draconian
     5 | D:1      | Noticed an iron dragon
     6 | D:1      | Noticed an ice dragon
     7 | D:1      | Noticed a large abomination
     8 | D:1      | Noticed an iron dragon
    11 | D:1      | Noticed a red draconian
    13 | D:1      | Noticed a red draconian
    15 | D:1      | Noticed a green draconian
    15 | D:1      | Noticed an iron dragon
    17 | D:1      | Noticed a large abomination
    19 | D:1      | Noticed an iron dragon
    19 | D:1      | Noticed a tentacled monstrosity
    55 | D:1      | Noticed an ice dragon
   120 | D:1      | Reached skill level 1 in Fighting
   120 | D:1      | Reached XP level 2. HP: 11/22 MP: 0/0
   651 | D:2      | Noticed Jessica
   656 | D:2      | Killed Jessica
   657 | D:2      | Reached skill level 2 in Fighting
   657 | D:2      | Reached XP level 3. HP: 23/28 MP: 0/0
   657 | D:2      | Learned a level 1 spell: Kiss of Death
   712 | D:2      | Reached XP level 4. HP: 30/33 MP: 0/0
  1628 | D:1      | Identified a scroll of acquirement
  1628 | D:1      | Acquired a staff of cold
  1653 | D:2      | Reached skill level 3 in Fighting
  1653 | D:2      | Reached XP level 5. HP: 36/40 MP: 0/0
  1653 | D:2      | Learned a level 2 spell: Passwall
  1901 | D:2      | Found a runed translucent door.
  1902 | D:2      | Noticed Crazy Yiuf
  2070 | D:2      | Killed Crazy Yiuf
  2381 | D:3      | Found Ciunots's Armour Shop.
  2390 | D:3      | Bought a +0 pair of gloves for 45 gold pieces
  2419 | D:3      | Reached XP level 6. HP: 45/46 MP: 0/0
  2425 | D:3      | Found a transporter.
  2425 | D:3      | Noticed jehirs's ghost (weakling OpTm)
  2671 | D:3      | Found a transporter.
  2879 | D:3      | Found a faded altar of an unknown god.
  2885 | D:3      | Found a white marble altar of Elyvilon.
  3306 | D:4      | Noticed a water moccasin
  3316 | D:4      | Killed a water moccasin
  3317 | D:4      | Reached skill level 4 in Fighting
  3528 | D:4      | Found a sacrificial altar of Ru.
  3533 | D:4      | Found a broken altar of Ashenzari.
  3773 | D:4      | Found a hide-covered altar of Uskayaw.
  3846 | D:4      | Noticed an ogre
  3852 | D:4      | Killed an ogre
  3853 | D:4      | Reached XP level 7. HP: 48/53 MP: 0/0
  3853 | D:4      | Learned a level 2 spell: Call Imp
  4011 | D:4      | Reached skill level 5 in Fighting
  4256 | D:4      | Found a burning altar of Makhleb.
  4261 | D:4      | Became a worshipper of Makhleb the Destroyer
  4549 | D:5      | Entered Level 5 of the Dungeon
  4795 | D:5      | Noticed Prince Ribbit
  4824 | D:4      | Killed Prince Ribbit
  4825 | D:4      | Reached skill level 5 in Spellcasting
  4825 | D:4      | Reached XP level 8. HP: 37/61 MP: 0/0
  4959 | D:5      | Noticed Pikel
  4991 | D:4      | Killed Pikel
  4992 | D:4      | Reached skill level 7 in Fighting
  5347 | D:4      | Reached XP level 9. HP: 67/68 MP: 0/0
  5347 | D:4      | Learned a level 4 spell: Anguish
  6162 | D:5      | Reached skill level 8 in Fighting
  6264 | D:5      | Found a transporter.
  6264 | D:5      | Found a transporter.
  6356 | D:5      | Noticed voshxx's ghost (novice DEFE)
  6362 | D:5      | Identified the +4 trident of Wazymeosiss {venom, rF- Str+6
                  | Dex+2 SInv}
  6771 | D:6      | Noticed Maggie
  6782 | D:6      | Killed Maggie
  6782 | D:6      | Reached * piety under Makhleb
  6783 | D:6      | Reached skill level 1 in Armour
  7085 | D:6      | Reached skill level 9 in Fighting
  7085 | D:6      | Reached XP level 10. HP: 62/78 MP: 0/0
  7529 | D:6      | Identified the +2 robe of Mezcal {rElec rPois rF- Will++}
  7614 | D:6      | Found a stormy altar of Qazlal.
  7700 | D:6      | Found a blossoming altar of Fedhas.
  7884 | D:7      | You are sucked into a shaft and drop 1 floor!
  7915 | D:8      | Found a flagged portal.
  7925 | Bailey   | Entered a bailey
  8202 | Bailey   | Reached skill level 13 in Fighting
  8202 | Bailey   | Reached XP level 11. HP: 93/93 MP: 0/0
  8202 | Bailey   | Learned a level 4 spell: Fulminant Prism
  8204 | Bailey   | Noticed an orc knight
  8248 | Bailey   | Killed an orc knight
  8348 | Bailey   | Reached ** piety under Makhleb
  8441 | Bailey   | Identified the +7 arbalest of Dominance {vorpal, rF+ rC+
                  | Int+5}
  8517 | D:8      | Noticed Grum
  8521 | D:8      | Killed Grum
  8522 | D:8      | Reached skill level 14 in Fighting
  8674 | D:8      | Noticed a two-headed ogre
  8676 | D:8      | Noticed Elric's ghost (novice DrFi)
  8709 | D:8      | Found Uxuesuun's Armour Shop.
  8735 | D:8      | Found a runed translucent gate.
  8736 | D:8      | Found a runed translucent gate.
  8737 | D:8      | Found a runed translucent gate.
  8973 | D:8      | Noticed Amaemon
  8981 | D:8      | Killed Amaemon
  9042 | D:8      | Noticed a moth of wrath
  9049 | D:8      | Found a bloodstained altar of Trog.
  9201 | D:9      | Found a shadowy altar of Dithmenos.
  9206 | D:8      | Reached skill level 5 in Dodging
  9211 | D:8      | Reached XP level 12. HP: 69/100 MP: 0/0
  9837 | D:9      | Reached *** piety under Makhleb
  9945 | D:9      | Found a shimmering altar of Xom.
 10218 | D:10     | Entered Level 10 of the Dungeon
 10595 | D:10     | Found a staircase to the Orcish Mines.
 10922 | D:10     | Noticed a two-headed ogre
 10925 | D:10     | Killed a two-headed ogre
 10936 | D:10     | Noticed Psyche
 10939 | D:10     | Killed Psyche
 10965 | D:10     | Found a glowing silver altar of Zin.
 10991 | D:10     | Reached skill level 5 in Armour
 11051 | D:10     | Noticed an ogre mage
 11060 | D:10     | Killed an ogre mage
 11601 | D:10     | Found a staircase to the Lair.
 11622 | D:10     | Found an ornate altar of the Wu Jian Council.
 11772 | D:10     | Noticed a centaur warrior
 11776 | D:10     | Noticed a boulder beetle
 11788 | D:10     | Killed a centaur warrior
 12237 | D:10     | Killed a boulder beetle
 12406 | Lair:1   | Entered Level 1 of the Lair of Beasts
 12486 | Lair:1   | Reached XP level 13. HP: 105/106 MP: 0/0
 12486 | Lair:1   | Learned a level 5 spell: Summon Mana Viper
 13392 | D:11     | Reached **** piety under Makhleb
 13551 | D:11     | Reached skill level 15 in Fighting
 13766 | D:10     | Reached skill level 10 in Spellcasting
 14264 | D:11     | Found an iron altar of Okawaru.
 14584 | D:11     | Slain by a large slime creature

Illustrated notes

Levels and vault maps discovered:
D:1:      shiori_arrival_whats_in_store_for_you, layout_basic,
          minmay_hexomino_u4
D:2:      cheibrodos_pilgrimage, layout_rooms,
          nicolae_concentric_dashed_squares_mild, minmay_shallow_snake_nest,
          uniq_jessica, uniq_crazy_yiuf_cottage
D:3:      layout_loops_corners, nicolae_overflow_ecumenical_swirl,
          gammafunk_ghost_arena, serial_shops, nicolae_square_shop,
          corner_web_ring
D:4:      layout_loops_corners, mainiacjoe_overflow_24_doors,
          chequers_temple_overflow_statue_of_worship, lightli_temple_of_fire,
          nicolae_underground_beach
D:5:      layout_rooms, minmay_temple_entry_from_below_a,
          gammafunk_ghost_gnarly_gnolls, serial_curves, eino_curves_04,
          eino_curves_02, eino_curves_01, eino_curves_03, hex_large,
          st_stairs_9, uniq_prince_ribbit1, uniq_pikel
D:6:      layout_cave_pools, kennysheep_mini, kennysheep_little_box, uniq_maggie
D:7:      minmay_s_stair_smasher, layout_rooms, minmay_misc_feat_tiny,
          minmay_manual_monstrance
D:8:      layout_cave_pools, mainiacjoe_overflow_six_doors_small, tgw_trog,
          serial_shops, nicolae_lakefront_shop, gammafunk_ghost_split,
          enter_bailey_2, chequers_mini_garden, fungi_pond_lemuel, uniq_amaemon,
          uniq_grum
D:9:      layout_cave_pools, mainiacjoe_overflow_paths, grunt_dithmenos_smoke,
          marbit_many_paths
D:10:     layout_basic, lemuel_tele_altar, lemuel_crystal_altar,
          lair_entry_dummy, orc_david_3, minmay_shattered_shrine, uniq_psyche
D:11:     layout_rooms, grunt_ministairs_1, st_stairs_14,
          okawaru_altar_gauntlet_db
D:12:     layout_roguey, serial_shops,
          nicolae_shop_temple_entry_statues_fountains, uniq_josephine,
          uniq_snorg, uniq_sonja
Lair:1:   layout_long_grid, nicolae_lair_grazing_beasts
          [nicolae_sub_lair_graze_edge, nicolae_sub_lair_graze_edge,
          nicolae_sub_lair_graze_edge, nicolae_sub_lair_graze_edge],
          lemuel_fruit_fields, lemuel_fruit_tree, infiniplex_staircase_pool_2

Skill      XL: |  1  2  3  4  5  6  7  8  9 10 11 12 13 |
---------------+----------------------------------------+-----
Fighting       | 1 2 3 4 5 7 9 13 14 15 | 15.2
Spellcasting   | 3 4 5 6 7 8 9 10 | 10.1
Armour         | 1 3 5 6 |  6.4
Dodging        | 3 4 5 6 7 |  7.6
Stealth        | |  1.5

Action                   |  1- 3 |  4- 6 |  7- 9 | 10-12 | 13-15 || total
-------------------------+-------+-------+-------+-------+-------++-------
Melee: Staff             |     3 |       |    14 |       |       ||    17
       Punch             |       |       |     1 |       |       ||     1
 Fire: Arbalest          |       |       |       |    30 |     6 ||    36
 Cast: Shock             |    38 |   103 |   181 |    14 |       ||   336
       Swiftness         |       |     2 |     2 |     3 |     2 ||     9
       Anguish           |       |       |    13 |    13 |    19 ||    45
       Airstrike         |       |       |    11 |   289 |   115 ||   415
       Fulminant Prism   |       |       |       |     4 |       ||     4
       Summon Mana Viper |       |       |       |       |     1 ||     1
  Use: Scroll            |       |    13 |     1 |     7 |     3 ||    24
       Potion            |       |       |     3 |     3 |       ||     6
Armor: Robe              |     2 |     1 |    12 |    47 |    41 ||   103
       Steam dragon scal |       |       |     9 |     5 |       ||    14
Dodge: Dodged            |     8 |     5 |    89 |   273 |   196 ||   571

Table legend: (Time is in decaauts)
 A = Elapsed time spent in this place.
 B = Non-inter-level travel time spent in this place.
 C = Inter-level travel time spent in this place.
 D = Time resting spent in this place.
 E = Time spent auto-exploring this place.
 F = Levels seen in this place.
 G = Mean time per level.
                   A        B        C        D        E       F      G
               +--------+--------+--------+--------+--------+-----+--------+
         Total |  14638 |  14234 |    404 |   5745 |   6221 |  14 | 1045.6 |
       Dungeon |  14008 |  13620 |    388 |   5578 |   5959 |  12 | 1167.3 |
          Lair |    102 |     87 |     15 |      0 |     61 |   1 |  102.0 |
        Bailey |    527 |    527 |      0 |    167 |    201 |   1 |  527.0 |
               +--------+--------+--------+--------+--------+-----+--------+

Top non-repeatable levels by time:
     D:4: 2417 daAuts
     D:9: 1971 daAuts
    D:10: 1958 daAuts
     D:2: 1427 daAuts
     D:5: 1361 daAuts
     D:8: 1327 daAuts
     D:3: 989 daAuts
    D:11: 860 daAuts
     D:1: 844 daAuts
     D:6: 697 daAuts
  Bailey: 527 daAuts
     D:7: 147 daAuts
  Lair:1: 102 daAuts
    D:12: 4 daAuts
